AoeStats
← Hellspiral

Arabia

508406622Analyzed
1v1 RM · 9d ago on Sep 22, 2026· 50m 17s· 2 players
Game mode
Random Map
Map size
Tiny (2 player)
Population
200
Speed
Normal
Resources
Standard
Victory
Conquest
Starting age
Dark Age
Ending age
Imperial Age
RankedLock teamsTeams togetherTeam positionsShared explorationLock speedFull tech treeHidden civsTurbo modeCheats
Victory
Defeat
🇨🇭 Japanese · Switzerland
712
+14
🇩🇪 Bulgarians · Germany
663
-25
Hellspiral
9:29 Feudal Age
10:16 Double-Bit Axe
13:05 Bloodlines
14:28 Horse Collar
15:53 Town Watch
17:28 Gold Mining
20:11 Wheelbarrow
19:43 Loom
20:50 Scale Mail Armor
21:01 Forging
20:46 Arson
25:32 Castle Age
25:13 Stone Mining
26:28 Chain Mail Armor
26:48 Iron Casting
26:19 Heavy Plow
26:32 Bow Saw
27:15 Hand Cart
28:03 Squires
28:12 Town Patrol
29:29 Gold Shaft Mining
29:30 Stone Shaft Mining
32:54 Gambesons
35:56 Herbal Medicine
37:11 Ballistics
36:47 Murder Holes
39:31 Imperial Age
40:01 Masonry
41:32 Blast Furnace
41:02 Plate Mail Armor
41:43 Stirrups
42:11 Conscription
42:43 Crop Rotation
42:49 Husbandry
43:55 Architecture
44:14 Stirrups
44:21 Bagains
45:25 Elite Konnik
48:54 Scale Barding Armor
kuronin
9:50 Loom
12:16 Feudal Age
22:14 Castle Age
20:31 Double-Bit Axe
30:47 Murder Holes
34:06 Wheelbarrow
33:44 Bow Saw
38:50 Imperial Age
36:59 Gold Mining
37:00 Stone Mining
37:44 Horse Collar
40:13 Hand Cart
42:00 Elite Samurai
43:58 Heavy Plow
44:50 Scale Mail Armor
45:01 Forging
45:37 Fortified Wall
46:48 Heavy Scorpion
Connection lost

Rejoining the realm…

Still unreachable

The connection could not be restored.

Session expired

The server has moved on; the page needs a fresh start.